 Dungeon Crawl Stone Soup version 0.27.1-3-gb3d3a73c9e (webtiles) character file.

Game seed: 3435943543066277146

23 sable the Insei (level 2, -1/22 HPs)
             Began as a Merfolk Transmuter on Oct 30, 2021.
             Slain by a goblin (3 damage)
             ... led by Robin
             ... on level 2 of the Dungeon.
             The game lasted 00:11:24 (1391 turns).

sable the Insei (Merfolk Transmuter)                Turns: 1391, Time: 00:11:25

Health: -1/22      AC:  5    Str: 10    XL:     2   Next: 95%
Magic:  4/5        EV: 11    Int: 12    God:
Gold:   60         SH:  0    Dex: 14    Spells: 4/5 levels left

rFire    . . .     SeeInvis .   j - +0 falchion
rCold    . . .     Faith    .   (no shield)
rNeg     . . .     Spirit   .   g - +0 ring mail
rPois    +         Reflect  .   (helmet currently unavailable)
rElec    .         Harm     .   (no cloak)
rCorr    .         Rampage  .   (no gloves)
Will     .....                  (boots currently unavailable)
Stlth    +.........             (no amulet)
HPRegen  0.07/turn              h - ring of poison resistance
MPRegen  0.09/turn              (no ring)

@: appendages (expiring)
A: horns 2, (nimble swimmer 2), mertail
a: End Transformation


You were on level 2 of the Dungeon.
You had temporarily grown beastly horns.
You visited 1 branch of the dungeon, and saw 2 of its levels.

You collected 60 gold pieces.

Inventory:

Hand Weapons
 c - a +0 whip
 f - a +0 hunting sling
 j - a +0 falchion (weapon)
Missiles
 e - 40 stones
Armour
 a - a +0 robe
 g - a +0 ring mail (worn)
Jewellery
 h - a ring of poison resistance (left hand)
Wands
 i - a wand of flame (20)
Scrolls
 b - a scroll of torment {unknown}
Potions
 d - a potion of magic {unknown}
 k - a potion of curing {unknown}


   Skills:
 + Level 1.9 Fighting
 + Level 0.2 Long Blades
 - Level 0.2 Maces & Flails
 + Level 3.3 Dodging
 + Level 0.1 Stealth
 - Level 3.6 Unarmed Combat
 + Level 2.0 Spellcasting
 + Level 2.7 Transmutations


You had 4 spell levels left.
You knew the following spells:

 Your Spells              Type           Power      Damage    Failure   Level
a - Beastly Appendage     Tmut           14%        N/A       22%         1

Your spell library contained the following spells:

 Spells                   Type           Power      Damage    Failure   Level
 Wereblood                Tmut           7%         N/A       34%         2
 Spider Form              Tmut/Pois      2%         N/A       77%         3
 Ice Form                 Ice/Tmut       4%         N/A       99%         4


Dungeon Overview and Level Annotations

Branches:
Dungeon (2/15)

Altars:

Annotations:
D:2 Robin


Innate Abilities, Weirdness & Mutations

You have temporarily grown beastly horns.
((You are quick and stealthy near water. (Stealth+, EV+, Speed+++)))
Your lower body shifts to a powerful aquatic tail in water.


Message History

The kobold hits you with a +0 club. The goblin barely misses you.
Robin throws the goblin at you!
The goblin hits you but does no damage. x2
The goblin hits you but does no damage.
There is an open door here.
The goblin unwields a +0 dagger.
The goblin wields a +0 hunting sling.
The goblin shoots a stone.
The stone hits you.
You hit the kobold.
You kill the kobold!
A goblin comes into view. It is wielding a +0 dagger.
Robin points. "Kill!"
Robin throws the goblin at you!
The goblin unwields a +0 hunting sling.
The goblin wields a +0 dagger.
The goblin barely misses you. x2
The goblin hits you with a +0 club.
* * * LOW HITPOINT WARNING * * *
The goblin barely misses you.
You riposte.
You barely miss the goblin.
There is an open door here.
Things that are here:
a +0 club; 4 stones
Casting: Beastly Appendage (safe; 22% risk of failure)
Confirm with . or Enter, or press ? or * to list all spells.
You grow a pair of large bovine horns.
The goblin hits you with a +0 dagger.
* * * LOW HITPOINT WARNING * * *
The goblin misses you.
The goblin hits you but does no damage. x2
The goblin closely misses you.
A hobgoblin comes into view.
The hobgoblin shouts!
You hit the goblin.
You kill the goblin!
Robin throws the goblin at you! The endoplasm closely misses you.
The goblin hits you but does no damage. The goblin barely misses you.
You riposte.
You miss the goblin. The goblin hits you but does no damage.
The goblin hits you with a +0 dagger.
* * * LOW HITPOINT WARNING * * *
The goblin hits you but does no damage. The endoplasm barely misses you.
The goblin closely misses you.
You hit the goblin.
You kill the goblin!
Your transformation is almost over.
The goblin hits you but does no damage. The goblin hits you with a +0 dagger.
You die...

##...###+####
#..###.....#
#..........#
#..........#
#..........#
#......)...#
#.......)..#
#..g)g.....#
####@#.....#
#.†ggJ.....#
#gggg......#
.gg..###.#.####
#....# #...#
..... #...#
.... #...# ...
#...# .## #...#


You could see Robin, an endoplasm, 3 hobgoblins and 5 goblins.

Vanquished Creatures
  A dart slug (D:1)
  2 ball pythons
  2 endoplasms
  A giant cockroach (D:1)
  4 goblins
  3 hobgoblins
  A quokka (D:1)
  3 bats (D:1)
  A kobold (D:2)
  2 rats (D:1)
20 creatures vanquished.

Notes
Turn   | Place    | Note
-------+----------+-------------------------------------------
     0 | D:1      | sable the Merfolk Transmuter began the quest for the Orb.
     0 | D:1      | Reached XP level 1. HP: 15/15 MP: 3/3
   166 | D:1      | Reached XP level 2. HP: 17/21 MP: 5/5
  1383 | D:2      | Noticed Robin
  1390 | D:2      | HP: 1/22 [goblin[Robin] (1)]
  1391 | D:2      | Slain by a goblin

Illustrated notes

Levels and vault maps discovered:
D:1:      dpeg_arrival_houses_and_road, layout_basic, minivault_5
D:2:      layout_basic, chequers_ecumenical_altar_simple_redux, uniq_robin

Skill      XL: |  1 |
---------------+----+-----
Dodging        | 3 |  3.3
Fighting       | |  1.9
Long Blades    | |  0.2
Maces & Flails | |  0.2
Stealth        | |  0.1
Unarmed Combat | |  3.6
Spellcasting   | |  2.0
Transmutations | |  2.7

Action                   || total
-------------------------++-------
Melee: Whip              ||    57
       Falchion          ||    12
       Punch             ||     1
 Cast: Beastly Appendage ||     1
Armor: Robe              ||    22
       Ring mail         ||    22
Dodge: Dodged            ||    80
       Rpst.: Falchion   ||    10
